 Dungeon Crawl Stone Soup version 0.28.0-53-g5a82cb258f (webtiles) character file.

Game seed: 15408886961887456039

8286 pkoi the Prestidigitator (level 10, -9/83 HPs)
             Began as a Demigod Artificer on June 6, 2022.
             Mangled by an elephant (14 damage)
             ... on level 1 of the Lair of Beasts.
             The game lasted 00:23:00 (22796 turns).

pkoi the Prestidigitator (Demigod Artificer)       Turns: 22796, Time: 00:23:00

Health: -9/83      AC: 12    Str: 19    XL:     10   Next: 81%
Magic:  19/19      EV:  9    Int: 25    God:
Gold:   678        SH:  0    Dex: 14    Spells: 15/16 levels left

rFire   . . .      SeeInvis .   j - +1 rapier (elec)
rCold   . . .      Faith    .   (no shield)
rNeg    . . .      Spirit   .   i - +0 chain mail
rPois   +          Reflect  .   (no helmet)
rElec   .          Harm     .   p - +0 cloak
rCorr   .          Rampage  .   n - +1 pair of gloves
Will    +....                   (no boots)
Stlth   ..........              (no amulet)
HPRegen 0.23/turn               D - +6 ring of strength
MPRegen 0.16/turn               f - ring of poison resistance

@: no status effects
A: high MP 1, forlorn, divine attributes
a: no special abilities


You were on level 1 of the Lair of Beasts.
You visited 3 branches of the dungeon, and saw 13 of its levels.

You collected 678 gold pieces.

Inventory:

Hand Weapons
 g - a +2 antimagic dagger
 j - a +1 rapier of electrocution (weapon)
 s - a +1 dagger of speed
 z - a +1 whip of electrocution
Missiles
 A - 333 stones
Armour
 b - a +0 leather armour
 i - a +0 chain mail (worn)
 k - an orb of wrath
 n - a +1 pair of gloves (worn)
 p - a +0 cloak (worn)
 C - the +1 scale mail "Lucwoutore" {rPois}
   (You took it off a kobold brigand on level 9 of the Dungeon)

   rPois:     It protects you from poison.
Magical Staves
 m - a staff of poison
Jewellery
 f - a ring of poison resistance (right hand)
 q - a ring of see invisible
 D - a +6 ring of strength (left hand)
Wands
 a - a wand of acid (3)
 c - a wand of flame (11)
 w - a wand of iceblast (5)
Scrolls
 l - 3 scrolls of magic mapping
 r - a scroll of enchant armour
 v - a scroll of summoning
 x - 2 scrolls of teleportation
Potions
 d - a potion of cancellation
 h - 3 potions of brilliance
 t - a potion of curing
 E - a potion of might
 G - a potion of ambrosia
 H - a potion of haste {unknown}
Miscellaneous
 e - a piece from Xom's chessboard (2/15)
 o - a lightning rod (1/4)
 y - a condenser vane (inert)


   Skills:
 - Level 6.0 Fighting
 + Level 1.8 Long Blades
 - Level 3.0 Armour
 - Level 6.0 Dodging
 - Level 3.0 Stealth
 + Level 3.9 Spellcasting
 + Level 4.4 Earth Magic
 - Level 11.1 Evocations


You had 15 spell levels left.
You knew the following spells:

 Your Spells              Type           Power      Damage    Failure   Level
a - Sandblast             Erth           54%        2d13      17%         1

Your spell library contained the following spells:

 Spells                   Type           Power      Damage    Failure   Level
 Passwall                 Tmut/Erth      13%        N/A       54%         2
 Animate Skeleton         Necr           8%         N/A       73%         1
 Pain                     Necr           16%        1d4       73%         1
 Stone Arrow              Conj/Erth      32%        3d9       78%         3
 Inner Flame              Hex/Fire       4%         N/A       97%         3
 Vampiric Draining        Necr           4%         2d6       97%         3
 Cause Fear               Hex            2%         N/A       100%        4
 Discord                  Hex            2%         N/A       100%        8


Dungeon Overview and Level Annotations

Branches:
Dungeon (10/15)            Temple (1/1) D:4            Lair (2/6) D:9
 Spider (0/4) Lair:2
  Swamp: Lair:2-4    Shoals: Lair:2-4       Orc: D:9-12

Annotations:
D:4 2 runed translucent doors, mortz's ghost, novice DgCj


Innate Abilities, Weirdness & Mutations

You have an increased reservoir of magic. (+10% MP)
You shall have no god before yourself.
Your divine heritage dramatically boosts your attributes as you level up.


Message History

* * * LOW HITPOINT WARNING * * *
You climb upwards.
There is a stone staircase leading down here.
Unknown command.
Unknown command.
Aiming: Corrosive Bolt
Press: ? - help, Shift-Dir - straight line, f - elephant
Aim: an elephant (100% to hit)
The bolt of acid hits the elephant!!
The elephant is moderately wounded.
The elephant barely misses you.
The elephant trunk-slaps you but does no damage.
Unknown command.
You hit the elephant.
The elephant is moderately wounded.
The elephant barely misses you.
The elephant trunk-slaps you but does no damage.
You barely miss the elephant.
The elephant is moderately wounded.
The elephant tramples you!
* * * LOW HITPOINT WARNING * * *
You stumble backwards!
You hit the elephant but do no damage. Lightning courses through the elephant!
The elephant is heavily wounded.
The elephant tramples you but does no damage.
The elephant trunk-slaps you but does no damage.
You hit the elephant.
The elephant is heavily wounded.
The elephant tramples you!
* * * LOW HITPOINT WARNING * * *
You stumble backwards!
The elephant barely misses you. The elephant trunk-slaps you.
* * * LOW HITPOINT WARNING * * *
Aiming: Corrosive Bolt
Press: ? - help, Shift-Dir - straight line, f/p - elephant
Aim: an elephant (heavily wounded, 100% to hit)
The bolt of acid hits the elephant!!
The acid corrodes the elephant!
The elephant is almost dead.
The elephant tramples you!
You die...

###.# ##...................
#.## ###..#............####.
#..#####.................#
#..
####.........######........##
#.. #.##.......P..##
###......# ##..
..#..###.......### ###...##
#... ....## #.........###
###.# ##... ....##
#...........### ### #....
.....# #......>Y@....# #....
....## ##............# ##...
.....## #............# ##..
......###............# ##.
......##.#..........## ##
......#.##..........# #.
.......###..........# ##
........##.........##
........###........#


You could see an elephant (corroded).

Vanquished Creatures
  2 elephants (Lair:1)
  Joseph (D:7)
  4 komodo dragons
  Grinder (D:5)
  A hornet (D:9)
  14 yaks
  2 wyverns
  A basilisk (Lair:2)
  A steam dragon (D:9)
  Menkaure (D:7)
  6 water moccasins
  2 orc warriors
  An ice beast (D:7)
  A necrophage (D:5)
  An ogre (D:7)
  A kobold brigand (D:9)
  4 bullfrogs
  A water moccasin zombie (D:5)
  3 scorpions
  A wyvern zombie (D:7)
  7 killer bees
  A bullfrog zombie (D:5)
  2 hounds
  2 bullfrog skeletons
  4 orc priests
  Jessica (D:3)
  2 centaur skeletons
  8 iguanas
  5 orc wizards
  6 hell rats (Lair:2)
  2 adders
  A shadow imp (D:7)
  A white imp (D:8)
  A worm (D:3)
  2 dart slugs
  19 orcs
  7 bats
  8 endoplasms
  5 giant cockroaches
  10 hobgoblins
  5 jackals (D:1)
  10 kobolds
  5 quokkas
  3 ball pythons
  A frilled lizard (D:3)
  6 goblins
  4 rats
177 creatures vanquished.

Vanquished Creatures (collateral kills)
  4 killer bees
  3 orcs (D:5)
7 creatures vanquished.

Vanquished Creatures (others)
  2 yaks (D:9)
  An orc warrior (D:8)
  2 killer bees (D:6)
  An orc priest (D:7)
  A kobold (D:9)
  3 fungi (Lair:2)
  4 plants (Lair:2)
14 creatures vanquished.

Grand Total: 198 creatures vanquished

Notes
Turn   | Place    | Note
-------+----------+-------------------------------------------
     0 | D:1      | pkoi the Demigod Artificer began the quest for the Orb.
     0 | D:1      | Reached XP level 1. HP: 15/15 MP: 3/3
   159 | D:1      | Reached skill level 3 in Evocations
   810 | D:1      | Reached XP level 2. HP: 17/22 MP: 4/4
  2079 | D:2      | Reached XP level 3. HP: 11/27 MP: 1/5
  2084 | D:2      | Reached skill level 4 in Evocations
  2519 | D:2      | You fall into a shaft and drop 2 floors!
  3838 | D:3      | Reached XP level 4. HP: 34/34 MP: 2/6
  4153 | D:3      | Reached skill level 5 in Evocations
  4377 | D:3      | Noticed Jessica
  4393 | D:3      | Killed Jessica
  5064 | D:4      | Found a large runed translucent door.
  5064 | D:4      | Found a large runed translucent door.
  5069 | D:4      | Noticed mortz's ghost (novice DgCj)
  5099 | D:4      | Reached XP level 5. HP: 39/39 MP: 7/7
  5135 | D:4      | Reached skill level 6 in Evocations
  5472 | D:4      | Found a staircase to the Ecumenical Temple.
  5481 | Temple   | Entered the Ecumenical Temple
  5721 | D:4      | Reached XP level 6. HP: 40/46 MP: 8/8
  6378 | D:5      | Entered Level 5 of the Dungeon
  6744 | D:5      | Reached skill level 7 in Evocations
  7441 | D:5      | Noticed Grinder
  7462 | D:5      | Killed Grinder
  7463 | D:5      | Reached skill level 8 in Evocations
  7463 | D:5      | Reached XP level 7. HP: 26/51 MP: 9/9
  7864 | D:5      | Reached skill level 1 in Fighting
  7864 | D:5      | Reached skill level 1 in Dodging
  8385 | D:6      | Reached skill level 1 in Stealth
  9470 | D:6      | Reached XP level 8. HP: 24/61 MP: 10/10
 11592 | D:7      | Reached skill level 9 in Evocations
 11656 | D:7      | Noticed Menkaure
 11658 | D:7      | Killed Menkaure
 11856 | D:7      | Noticed Joseph
 11865 | D:7      | Paralysed by Joseph for 5 turns
 11871 | D:7      | Killed Joseph
 12565 | D:8      | Reached XP level 9. HP: 44/71 MP: 11/11
 15168 | D:9      | Reached skill level 5 in Dodging
 15170 | D:9      | Reached skill level 5 in Fighting
 15170 | D:9      | Reached skill level 10 in Evocations
 15725 | D:9      | Learned a level 1 spell: Sandblast
 16693 | D:9      | Identified the +5 scimitar of Ittibbae {antimagic, Fragile
                  | rF+ Will++ Dex+8}
 16693 | D:9      | Identified the +1 scale mail "Lucwoutore" {rPois}
 17227 | D:9      | Reached skill level 1 in Earth Magic
 17228 | D:9      | Reached skill level 1 in Spellcasting
 17236 | D:9      | Reached XP level 10. HP: 15/83 MP: 4/14
 17960 | D:9      | Found a staircase to the Lair.
 18176 | D:10     | Entered Level 10 of the Dungeon
 18206 | Lair:1   | Entered Level 1 of the Lair of Beasts
 18766 | Lair:1   | HP: 1/83 [komodo dragon (23)]
 20119 | Lair:2   | Found a hole to the Spider Nest.
 20303 | Lair:1   | Reached skill level 11 in Evocations
 20542 | Lair:2   | Noticed an elephant
 20542 | Lair:2   | Noticed an elephant
 20542 | Lair:2   | Noticed an elephant
 20542 | Lair:2   | Noticed an elephant
 20542 | Lair:2   | Noticed an elephant
 20980 | Lair:1   | Killed an elephant
 20982 | Lair:1   | Killed an elephant
 20983 | Lair:1   | Reached skill level 1 in Long Blades
 21340 | Lair:2   | HP: 4/83 [water moccasin (4)]
 22796 | Lair:1   | Mangled by an elephant

Illustrated notes

Levels and vault maps discovered:
D:1:      lordsloth_arrival_two_stooges, layout_loops_ring, glass_columns_c
D:2:      layout_loops_ring, hellmonk_ecumenical_altar_defaced_shrine,
          minmay_vboxes
D:3:      layout_loops_cross, nicolae_kikubaaqudgha_miasma_corner,
          nemelex_dance_club_becter, mainiacjoe_overflow_surrounded_room,
          uniq_jessica
D:4:      layout_rooms, gammafunk_temple_overflow_elements,
          minmay_temple_entry_hall, ebering_ghost_disaster_area
D:5:      layout_basic, uniq_grinder
D:6:      layout_gridville, fedhas_altar_2, nicolae_wu_jian_wuxing_cycle
D:7:      layout_gridville, uniq_menkaure, uniq_joseph
D:8:      layout_basic
D:9:      layout_loops_cross, kennysheep_mini
D:10:     layout_basic, vehumet_altar_wand_db, amcnicky_altar_gilded,
          zombieorc2_lemuel, uniq_harold, uniq_erica, uniq_psyche
Temple:   nicolae_temple_x_marks_the_god
Lair:1:   layout_cave_pods
Lair:2:   layout_concentric_octagons, spider_nest_entry_a,
          eino_small_chamber_without_monster, st_stairs_6, serial_bayou_shore_b

Skill      XL: |  1  2  3  4  5  6  7  8  9 10 |
---------------+-------------------------------+-----
Evocations     | 3 4 5 6 8 9 10 11 | 11.1
Fighting       | 2 3 5 6 |  6.0
Dodging        | 2 4 6 |  6.0
Armour         | 2 3 |  3.0
Stealth        | 1 3 |  3.0
Earth Magic    | 1 4 |  4.4
Spellcasting   | 1 3 |  3.9
Long Blades    | 1 |  1.8

Action                   |  1- 3 |  4- 6 |  7- 9 | 10-12 || total
-------------------------+-------+-------+-------+-------++-------
Melee: Club              |    21 |       |       |       ||    21
       Dagger            |   200 |   279 |   206 |       ||   685
       Punch             |     3 |     5 |     3 |       ||    11
       Whip              |       |       |   141 |       ||   141
       Scimitar          |       |       |    20 |    91 ||   111
       Rapier            |       |       |       |     6 ||     6
 Cast: Sandblast         |       |       |       |    14 ||    14
Evoke: Piece from Xom's  |     1 |    10 |    24 |     9 ||    44
       Wand              |     1 |     2 |    41 |    20 ||    64
       Lightning rod     |       |       |       |     4 ||     4
       Condenser vane    |       |       |       |     1 ||     1
  Use: Scroll            |     4 |     3 |     6 |     6 ||    19
       Potion            |     3 |       |       |     2 ||     5
 Stab: Sleeping          |     1 |       |     2 |       ||     3
       Petrified         |     2 |    35 |    16 |       ||    53
       Paralysed         |       |     4 |     5 |     5 ||    14
       Petrifying        |       |     1 |       |       ||     1
       Distracted        |       |       |     1 |       ||     1
Armor: Leather armour    |    12 |       |       |       ||    12
       Chain mail        |   128 |   101 |   209 |    85 ||   523
Dodge: Dodged            |    99 |    63 |   110 |    82 ||   354
